 Dungeon Crawl Stone Soup version 0.31.0-12-g77e489cdc1 (webtiles) character file.

Game seed: 18143447077730254478

29086 olmar the Basher (level 13, -1/123 HPs)
             Began as a Naga Warper on Feb 15, 2024.
             Was an Initiate of Gozag.
             Slain by a harpy simulacrum (5 damage)
             ... in an ice cave.
             The game lasted 00:47:57 (17988 turns).

olmar the Basher (Naga Warper)                     Turns: 17988, Time: 00:47:58

Health: -1/123     AC: 10    Str: 17    XL:     13   Next: 43%
Magic:  0/35       EV:  9    Int: 16    God:    Gozag
Gold:   773        SH:  0    Dex: 11    Spells: 21/31 levels left

rFire   . . .        c - +1 flail (venom)
rCold   . . .        S - orb "Kewaguli" {*Rage, Fly Regen+ Int-2}
rNeg    . . .        r - +3 leather armour of Failure {Harm}
rPois   +            D - +0 helmet {Int+3}
rElec   .            u - scarf {harm}
rCorr   .            (no gloves)
SInv    +            (no barding)
Will    ++...        f - amulet of guardian spirit
Stlth   ++++         n - ring of magical power
HPRegen 1.20/turn    z - ring of willpower
MPRegen 0.24/turn

%: random rage (20%), harm (+45% outgoing, +30% incoming), guardian spirit
@: on berserk cooldown, unable to call your familiar, flying, slowed, very slow
A: AC +4, large, see invisible, deformed body, poison resistance, slowness 2,
spit poison 1, naga tail 2
a: Spit Poison, Renounce Religion, Potion Petition, Call Merchant, Bribe Branch


You were in an ice cave.
You worshipped Gozag.
Gozag was pleased with you.
You visited 3 branches of the dungeon, and saw 16 of its levels.
You also visited: Ice Cave.

You collected 3204 gold pieces.
You spent 898 gold pieces at shops.
You paid 1533 gold pieces to Gozag.

Inventory:

Hand Weapons
 c - a +1 flail of venom (weapon)
Missiles
 d - 6 darts of dispersal
 i - 3 silver javelins (quivered)
 w - 4 throwing nets
 F - 9 poisoned darts
Armour
 r - the +3 leather armour of Failure (worn) {Harm}
   (You found it on level 2 of the Dungeon)

   Harm:      It increases damage dealt and taken.
 u - a scarf of harm (worn)
 D - a +0 helmet of intelligence (worn)
 S - the orb "Kewaguli" (worn) {*Rage, Fly Regen+ Int-2}
   (You bought it in a shop on level 9 of the Dungeon)

   Int-2:     It affects your intelligence (-2).
   Fly:       It grants you flight.
   Regen+:    It increases your rate of health regeneration.
 V - a +2 buckler of protection
Magical Staves
 y - a staff of conjuration
 J - a staff of fire
Jewellery
 e - a ring of resist corrosion
 f - an amulet of guardian spirit (around neck)
 n - a ring of magical power (left hand)
 q - a ring of protection from fire
 z - a ring of willpower (right hand)
Wands
 C - a wand of acid (1)
 I - a wand of iceblast (4)
Scrolls
 h - 2 scrolls of identify
 j - 3 scrolls of teleportation
 l - a scroll of poison
 t - a scroll of fear
 x - a scroll of noise {unknown}
 A - 2 scrolls of silence
 B - 2 scrolls of revelation {unknown}
 H - 2 scrolls of vulnerability
 K - a scroll of fog
 N - a scroll of butterflies {unknown}
 R - a scroll of enchant weapon
 W - 4 scrolls of immolation
 X - a scroll of enchant armour {unknown}
Potions
 a - a potion of haste
 b - a potion of cancellation
 g - a potion of might
 k - 2 potions of mutation
 m - 4 potions of attraction
 o - 3 potions of enlightenment
 p - 3 potions of curing
 s - 2 potions of brilliance
 v - a potion of resistance
 E - 2 potions of lignification
 O - a potion of heal wounds
Miscellaneous
 P - a tin of tremorstones (2/2)


   Skills:
 + Level 9.8 Fighting
 + Level 13.7 Maces & Flails
 - Level 1.3 Throwing
 - Level 1.1 Armour
 - Level 1.8 Dodging
 + Level 9.2 Stealth
 - Level 9.5 Spellcasting
 - Level 8.2 Summonings
 - Level 4.1 Translocations
 + Level 4.4 Evocations


You had 21 spell levels left.
You knew the following spells:

 Your Spells              Type           Power      Damage    Failure   Level
a - Summon Small Mammal   Summ           100%       N/A       1%          1
b - Blink                 Tloc           40%        N/A       3%          2
c - Lesser Beckoning      Tloc           40%        N/A       3%          2
d - Call Canine Familiar  Summ           34%        N/A       1%          3
e - Call Imp              Summ           68%        N/A       1%          2

Your spell library contained the following spells:

 Spells                   Type           Power      Damage    Failure   Level
 Teleport Other           Tloc           20%        N/A       6%          3
 Momentum Strike          Conj/Tloc      28%        3d8       8%          2
 Mercury Vapours          Alch/Air       14%        N/A       17%         2
 Scorch                   Fire           14%        2d5       17%         2
 Sublimation of Blood     Necr           7%         N/A       17%         2
 Manifold Assault         Tloc           20%        N/A       21%         4
 Summon Blazeheart Golem  Fire/Summ      20%        N/A       21%         4
 Mephitic Cloud           Conj/Alch/Air  7%         N/A       34%         3
 Tukima's Dance           Hex            7%         N/A       34%         3
 Dimensional Bullseye     Hex/Tloc       7%         N/A       43%         4
 Iskenderun's Mystic Bla  Conj/Tloc      14%        2d5       43%         4
 Vhi's Electric Charge    Tloc/Air       28%        N/A       43%         4
 Summon Cactus Giant      Summ           17%        N/A       52%         6
 Anguish                  Hex/Necr       3%         N/A       75%         4
 Cause Fear               Hex            3%         N/A       75%         4
 Flame Wave               Conj/Fire      7%         2d5       75%         4
 Freezing Cloud           Conj/Ice/Air   3%         6-21      97%         5
 Iskenderun's Battlesphe  Conj           7%         2d6       97%         5
 Summon Hydra             Summ           17%        N/A       97%         7
 Bombard                  Conj/Erth      3%         9d1       100%        6
 Enfeeble                 Hex            3%         N/A       100%        7
 Spellforged Servitor     Conj/Summ      10%        N/A       100%        7


Dungeon Overview and Level Annotations

Branches:
Dungeon (12/15)            Temple (1/1) D:4            Lair (3/5) D:10
  Swamp (0/4) Lair:2        IceCv (1/1)
  Snake: Lair:2-3    Spider: Lair:2-3       Orc: D:9-12

Altars:
Ashenzari
Cheibriados
Dithmenos
Elyvilon
Fedhas
Gozag
Hepliaklqana
Kikubaaqudgha
Makhleb
Nemelex Xobeh
Okawaru
Qazlal
Ru
Sif Muna
Trog
Uskayaw
Vehumet
Wu Jian
Xom
Yredelemnul
Zin
The Shining One

Shops:
D:1 (   D:9 [

Annotations:
D:7 3 runed translucent doors, Zeo's ghost, novice GrHu
Lair:2 exclusion: 2 oklob plants


Innate Abilities, Weirdness & Mutations

Your serpentine skin is tough. (AC +4)
You have supernaturally acute eyesight. (SInv)
Armour fits poorly on your strangely shaped body.
Your system is resistant to poisons. (rPois)
You cover ground very slowly.
You can spit poison.
You can use your snake-like lower body to constrict enemies.


Message History

The harpy simulacrum claws your cerulean imp!
Your cerulean imp dies!
Your cerulean imp disappears in a puff of smoke!
Unknown command.
Casting: Call Canine Familiar (safe; 1% risk of failure)
Confirm with . or Enter, or press ? or * to list all spells.
A tiny devil pulls itself out of the air.
The harpy simulacrum closely misses you.
The harpy simulacrum claws you! The harpy simulacrum freezes you!!
* * * LOW HITPOINT WARNING * * *
The harpy simulacrum claws you.
* * * LOW HITPOINT WARNING * * *
The harpy simulacrum freezes you!
* * * LOW HITPOINT WARNING * * *
The harpy simulacrum claws you.
* * * LOW HITPOINT WARNING * * *
The harpy simulacrum freezes you!
* * * LOW HITPOINT WARNING * * *
Okay, then.
Okay, then. [a] - 250 gold - resistance [b] - 448 gold - heal wounds, curing and magic [c] - 216 gold - might and brilliance Purchase which effect?
You no longer have enough gold to fund merchants seeking to open stores in the dungeon.
You feel much better.
You feel better. Magic courses through your body.
The harpy simulacrum claws you. The harpy simulacrum freezes you!
* * * LOW HITPOINT WARNING * * *
The harpy simulacrum claws you.
* * * LOW HITPOINT WARNING * * *
The harpy simulacrum freezes you!
* * * LOW HITPOINT WARNING * * *
The harpy simulacrum claws you but does no damage.
The harpy simulacrum claws you!
* * * LOW HITPOINT WARNING * * *
The harpy simulacrum freezes you!
* * * LOW HITPOINT WARNING * * *
The harpy simulacrum claws you.
You die...
Your body crumbles into a pile of gold.

#.........## ####.........## #+
#⌠.#..........# #### ... '
+[4#.........## ##..#
8.8(########..........######....
....(....#..............##......
....(.$($'.....⌠5............∩∩.
....(...°#......................
8.8.########..Z@......##..##....
.. #.'?.#.........########..#
#.#⌠.#..........# ####
####.........## #.........##
###.....### #######


You could see a harpy simulacrum (ally target) and a friendly cerulean imp
(summoned).

Vanquished Creatures
  Gastronok (Lair:3)
  A hydra (Lair:2)
  A two-headed ogre (D:8)
  Pikel (D:7)
  A lindwurm (Lair:2)
  An ugly thing (D:11)
  2 cyclopes (D:11)
  4 elephants (Lair:1)
  2 black mambas
  2 ice statues (IceCv)
  9 cane toads
  A rime drake (Lair:2)
  Maggie (D:6)
  4 komodo dragons
  A kobold demonologist (D:11)
  An anaconda simulacrum (IceCv)
  4 ice devils (IceCv)
  3 trolls
  3 polar bears
  Grinder (D:6)
  A hornet (D:9)
  Sigmund (D:6)
  A dire elephant simulacrum (IceCv)
  A shadow (D:11)
  A wyvern (Lair:3)
  24 yaks
  A golden eye (Lair:2)
  3 basilisks
  12 vampire mosquitoes
  Menkaure (D:4)
  3 steam dragons
  A harpy simulacrum (IceCv)
  5 water moccasins
  2 black bears
  3 ice beasts
  4 orc warriors
  A sky beast (D:8)
  2 ogres
  3 wolves
  2 centaurs (D:8)
  A phantom (D:4)
  2 kobold brigands
  A gnoll sergeant (D:9)
  11 bullfrogs
  4 scorpions
  2 cane toad simulacra (IceCv)
  14 wights
  10 killer bees (D:9)
  A howler monkey (D:4)
  A bombardier beetle (D:6)
  7 hounds
  A gnoll bouda (D:7)
  4 orc priests
  An iguana (D:4)
  A sleepcap (D:7)
  Natasha (thrice) (D:4)
  11 orc wizards
  8 gnolls
  10 adders
  A shadow imp (D:5)
  A dart slug (D:2)
  42 orcs
  2 bats (D:3)
  6 endoplasms
  7 goblins
  12 hobgoblins
  6 jackals
  5 quokkas
  3 ball pythons
  7 frilled lizards
  10 kobolds
  3 rats
314 creatures vanquished.

Vanquished Creatures (collateral kills)
  Harold (D:9)
  A two-headed ogre (D:11)
  A will-o-the-wisp (Lair:2)
  A wraith (D:10)
  A yak (D:9)
  An acid dragon (D:10)
  2 water moccasins
  A phantom (D:5)
  A scorpion (D:10)
  A bullfrog (Lair:1)
  A two-headed ogre simulacrum (IceCv)
  5 wights
  4 orc wizards
  A white imp (D:7)
  An ufetubus (IceCv)
  6 orcs
  A kobold (D:9)
30 creatures vanquished.

Vanquished Creatures (others)
  6 foxfires (Lair:2)
6 creatures vanquished.

Grand Total: 350 creatures vanquished

Notes
Turn   | Place    | Note
-------+----------+-------------------------------------------
     0 | D:1      | olmar the Naga Warper began the quest for the Orb.
     0 | D:1      | Reached XP level 1. HP: 19/19 MP: 3/3
   177 | D:1      | Reached skill level 1 in Armour
   256 | D:1      | Reached XP level 2. HP: 7/26 MP: 5/5
   453 | D:1      | Found Edivud's Antique Weapon Shop.
   497 | D:1      | Reached XP level 3. HP: 22/32 MP: 6/6
   499 | D:1      | Learned a level 1 spell: Summon Small Mammal
   502 | D:1      | Learned a level 2 spell: Blink
  1331 | D:2      | Found an opulent altar of Gozag.
  1380 | D:2      | Identified the +3 leather armour of Failure {Harm}
  1495 | D:2      | Reached skill level 1 in Stealth
  1499 | D:2      | Reached skill level 1 in Throwing
  1874 | D:3      | Reached XP level 4. HP: 39/39 MP: 7/7
  2215 | D:3      | Reached XP level 5. HP: 46/46 MP: 9/9
  2353 | D:3      | Found a hide-covered altar of Uskayaw.
  2353 | D:3      | Noticed a +0 dagger
  2353 | D:3      | Noticed a +0 hand axe
  2642 | D:4      | Reached skill level 3 in Maces & Flails
  2677 | D:4      | Noticed Menkaure
  2808 | D:4      | Noticed a phantom
  2826 | D:4      | Found a staircase to the Ecumenical Temple.
  2831 | D:4      | Killed a phantom
  2832 | D:4      | Reached skill level 1 in Summonings
  2832 | D:4      | Reached XP level 6. HP: 23/55 MP: 10/10
  2950 | Temple   | Entered the Ecumenical Temple
  3025 | D:2      | Became a worshipper of Gozag Ym Sagoz the Greedy
  3162 | D:4      | Found a shadowy altar of Dithmenos.
  3178 | D:4      | Noticed Natasha
  3183 | D:4      | Killed Natasha
  3286 | D:4      | Noticed Natasha
  3299 | D:4      | Reached skill level 4 in Maces & Flails
  3305 | D:4      | Killed Natasha
  3312 | D:4      | Reached XP level 7. HP: 58/62 MP: 12/12
  3382 | D:4      | Noticed Natasha
  3395 | D:4      | Killed Natasha
  3525 | D:4      | Found an ancient bone altar of Kikubaaqudgha.
  3632 | D:4      | Found a sacrificial altar of Ru.
  3887 | D:4      | Reached skill level 5 in Maces & Flails
  3943 | D:4      | Killed Menkaure
  3944 | D:4      | Reached XP level 8. HP: 37/69 MP: 12/14
  4130 | D:5      | Entered Level 5 of the Dungeon
  4234 | D:5      | Found a glowing golden altar of the Shining One.
  4480 | D:5      | Reached skill level 6 in Maces & Flails
  4919 | D:5      | Found a shimmering altar of Xom.
  5334 | D:6      | Noticed Sigmund
  5341 | D:6      | Reached skill level 5 in Spellcasting
  5473 | D:6      | Killed Sigmund
  5572 | D:6      | Reached XP level 9. HP: 78/78 MP: 17/17
  5593 | D:6      | Noticed Maggie
  5599 | D:6      | Learned a level 2 spell: Lesser Beckoning
  5603 | D:6      | Learned a level 3 spell: Call Canine Familiar
  5621 | D:6      | Killed Maggie
  5622 | D:6      | Reached skill level 7 in Maces & Flails
  5757 | D:6      | Noticed Grinder
  5798 | D:6      | Killed Grinder
  5967 | D:6      | Reached skill level 5 in Stealth
  5976 | D:6      | Reached skill level 5 in Summonings
  6481 | D:7      | Noticed Pikel
  6495 | D:7      | Killed Pikel
  6496 | D:7      | Reached skill level 8 in Maces & Flails
  6496 | D:7      | Reached XP level 10. HP: 69/87 MP: 18/20
  7123 | D:7      | Found a snail-covered altar of Cheibriados.
  7201 | D:7      | Found a stormy altar of Qazlal.
  7201 | D:7      | Found an iron altar of Okawaru.
  7208 | D:7      | Found a broken altar of Ashenzari.
  7211 | D:7      | Found a basalt altar of Yredelemnul.
  7213 | D:7      | Found a radiant altar of Vehumet.
  7218 | D:7      | Found a bloodstained altar of Trog.
  7458 | D:7      | Found a runed translucent gate.
  7459 | D:7      | Found a runed translucent gate.
  7459 | D:7      | Found a runed translucent gate.
  7460 | D:7      | Noticed Zeo's ghost (novice GrHu)
  8120 | D:8      | Reached skill level 5 in Fighting
  8280 | D:8      | Learned a level 2 spell: Call Imp
  8288 | D:8      | Reached skill level 9 in Maces & Flails
  8288 | D:8      | Identified the +2 falchion of Abbom {spect, rC+ Dex+2}
  8421 | D:8      | Found a burning altar of Makhleb.
  8495 | D:8      | Noticed a two-headed ogre
  8508 | D:8      | Killed a two-headed ogre
  8988 | D:9      | Noticed Harold
  9050 | D:9      | Reached skill level 1 in Evocations
  9073 | D:9      | Killed Harold
  9074 | D:9      | Reached XP level 11. HP: 59/96 MP: 23/23
  9828 | D:9      | Found a hazy altar of Hepliaklqana.
  9968 | D:9      | Found an opulent altar of Gozag.
 10778 | D:10     | Entered Level 10 of the Dungeon
 11486 | D:10     | Found a staircase to the Lair.
 12168 | D:10     | Reached skill level 10 in Maces & Flails
 12475 | D:9      | Bought a jewelled orb for 434 gold pieces
 12475 | D:9      | Identified the orb "Kewaguli" {*Rage, Fly Regen+ Int-2}
                  | (You bought it in a shop on level 9 of the Dungeon)
 12475 | D:9      | Bought a glowing helmet for 232 gold pieces
 12475 | D:9      | Bought a shiny buckler for 232 gold pieces
 12516 | Lair:1   | Entered Level 1 of the Lair of Beasts
 13190 | Lair:1   | Reached XP level 12. HP: 99/106 MP: 18/25
 13558 | Lair:1   | Reached skill level 11 in Maces & Flails
 13730 | Lair:1   | Identified the +6 plate armour "Doimidu" {Str+3 Int+5}
 14180 | Lair:2   | Noticed a six-headed hydra
 14428 | D:11     | Reached skill level 12 in Maces & Flails
 14751 | D:11     | Noticed a two-headed ogre
 14760 | D:11     | Killed a two-headed ogre
 15464 | Lair:2   | Found a staircase to the Swamp.
 15670 | Lair:2   | Killed a six-headed hydra
 15671 | Lair:2   | Gained mutation: You can use your snake-like lower body to
                  | constrict enemies. [Naga growth]
 15671 | Lair:2   | Reached XP level 13. HP: 118/118 MP: 22/26
 15777 | Lair:2   | Reached skill level 13 in Maces & Flails
 16601 | Lair:3   | Noticed Gastronok
 16612 | Lair:3   | Killed Gastronok
 16792 | Lair:3   | Found a frozen archway.
 16824 | IceCv    | Entered an ice cave
 17266 | IceCv    | Gained mutation: You are covered in fur. (AC +1) [potion of
                  | mutation]
 17266 | IceCv    | Lost mutation: You are covered in fur. (AC +1) [potion of
                  | mutation]
 17988 | IceCv    | HP: 4/123 [harpy simulacrum (12)]
 17988 | IceCv    | Slain by a harpy simulacrum

Illustrated notes

Levels and vault maps discovered:
D:1:      lemuel_arrival_tunnels, layout_basic, serial_shops, shop,
          minmay_indecisive_spiral
D:2:      layout_basic, basic_altar
D:3:      wander_river, layout_basic, dancing_weapons_uskayaw
D:4:      layout_loops_cross, nicolae_ru_great_annihilating_truth,
          nicolae_dithmenos_shadow_blocks, lemuel_crystal_altar,
          minmay_temple_entry_stoned_glass, uniq_menkaure, uniq_natasha
D:5:      layout_rooms, mainiacjoe_overflow_cross_hatched,
          regret_index_xom_buried_treasure, minmay_checkerbox
D:6:      layout_loops_ring, uniq_grinder, uniq_maggie, uniq_sigmund
D:7:      layout_loops_ring, mainiacjoe_overflow_concentric_impassable,
          nicolae_overflow_hallway_of_the_gods, ebering_ghost_rock_garden,
          hangedman_decor_peaks_small, uniq_pikel
D:8:      layout_basic, mainiacjoe_overflow_catwalk
D:9:      layout_long_grid, nicolae_hepliaklqana_hazy_memory,
          amcnicky_altar_gilded, nicolae_the_louvre, uniq_harold
D:10:     layout_irregular_city, due_lair_maze_entry_diamond
D:11:     layout_basic, hex_medium
D:12:     cheibrodos_orc_bank, layout_irregular_city,
          minmay_orc_entry_temple_small, kennysheep_treasure_room
Temple:   hellmonk_temple_two_chambers
Lair:1:   layout_chaotic_city, grunt_megastairs_4
Lair:2:   layout_cave_shapes, minmay_swamp_entry_wisps, disabler_island
Lair:3:   layout_cellular_growth, nicolae_snake_entry_squirm,
          portal_ice_cave_entry_pillars_2, uniq_gastronok
IceCv:    ice_cave_tombish

Skill      XL: |  1  2  3  4  5  6  7  8  9 10 11 12 13 |
---------------+----------------------------------------+-----
Armour         | 1 |  1.1
Stealth        | 1 2 3 4 5 6 8 9 |  9.2
Throwing       | 1 |  1.3
Maces & Flails | 3 4 5 6 8 9 10 12 13 | 13.7
Spellcasting   | 3 4 5 6 8 9 |  9.5
Summonings     | 1 2 3 5 6 8 |  8.2
Fighting       | 3 4 5 6 8 9 |  9.8
Translocations | 4 |  4.1
Evocations     | 1 3 4 |  4.4
Dodging        | |  1.8

Action                     |  1- 3 |  4- 6 |  7- 9 | 10-12 | 13-15 || total
---------------------------+-------+-------+-------+-------+-------++-------
  Melee: Mace              |    51 |    55 |       |       |       ||   106
         Flail             |       |    28 |   143 |   483 |   113 ||   767
         Punch             |       |       |     1 |     3 |       ||     4
         Constrict         |       |       |       |       |    26 ||    26
  Throw: Dart              |     1 |       |    12 |    43 |    14 ||    70
         Javelin           |       |     6 |       |    31 |    21 ||    58
         Throwing net      |       |       |       |     6 |     1 ||     7
   Cast: Summon Small Mamm |       |     8 |    31 |    51 |    16 ||   106
         Blink             |       |       |     2 |     5 |       ||     7
         Call Canine Famil |       |       |     4 |    40 |    12 ||    56
         Call Imp          |       |       |       |    48 |    13 ||    61
         Lesser Beckoning  |       |       |       |     1 |     1 ||     2
 Invoke: Potion Petition   |       |       |     1 |       |     1 ||     2
         Call Merchant     |       |       |       |     1 |       ||     1
Ability: Spit Poison       |    28 |    33 |    58 |    51 |     4 ||   174
  Evoke: Wand              |       |       |     1 |    63 |     2 ||    66
    Use: Scroll            |     1 |     1 |     7 |    15 |     4 ||    28
         Potion            |       |     1 |       |     8 |     1 ||    10
   Stab: Sleeping          |       |     1 |       |     2 |       ||     3
         Paralysed         |       |       |     2 |       |       ||     2
         Distracted        |       |       |     1 |     9 |     2 ||    12
 Armour: Leather armour    |    39 |    84 |   110 |   468 |    89 ||   790
  Dodge: Dodged            |    28 |    48 |    44 |   253 |    18 ||   391
